SNL (28 & UNDER)
MEMPHIS BLUES @ GAINESVILLE GUIDOS
08/06/2028
 
TOP OF THE 1ST
Memphis Blues batting - Pitching for Gainesville Guidos : RHP Steve Sousa
Pitching: RHP Steve Sousa
Batting: RHB Markus Cummins 0-0: Called Strike
0-1: Fly out, F2 (Popup, 13S)
Batting: RHB Lorenzo Mota 0-0: Foul Ball, location: 2F
0-1: Foul Ball, location: 2F
0-2: Ball
1-2: Foul Ball, location: 2F
1-2: Ball
2-2: Ground out 4-3 (Groundball, 4M)
Batting: RHB Peter Bishop 0-0: Called Strike
0-1: Ground out 4-3 (Groundball, 4)
Top of the 1st over - 0 run(s), 0 hit(s), 0 error(s), 0 left on base; Memphis 0 - Gainesville 0
BOTTOM OF THE 1ST
Gainesville Guidos batting - Pitching for Memphis Blues : RHP Mark Bidwell
Pitching: RHP Mark Bidwell
Batting: SHB Cornell Payne 0-0: SINGLE (Groundball, 56D)
Batting: RHB Doug Coleman 0-0: Ball
1-0: SINGLE (Line Drive, 8LS)
Cornell Payne to second
Batting: RHB Kyle O'Day 0-0: Ball
1-0: 3-RUN HOME RUN (Flyball, 78XD), Distance : 399 ft
Batting: RHB Augusto Baca 0-0: Ball
1-0: Ball
2-0: Called Strike
2-1: Fly out, F9 (Flyball, 9S)
Batting: RHB Denver Baker 0-0: Called Strike
0-1: Ball
1-1: Ball
2-1: Called Strike
2-2: Fly out, F6 (Line Drive, 6)
Batting: LHB Mark Owens 0-0: Swinging Strike
0-1: Ball
1-1: Fly out, F7 (Line Drive, 78M)
Bottom of the 1st over - 3 run(s), 3 hit(s), 0 error(s), 0 left on base; Memphis 0 - Gainesville 3
TOP OF THE 2ND
Memphis Blues batting - Pitching for Gainesville Guidos : RHP Steve Sousa
Batting: LHB Mel Jones 0-0: Ball
1-0: Ball
2-0: Ball
3-0: Base on Balls
Batting: RHB Jaime Spiridon 0-0: Called Strike
0-1: Ball
1-1: Ball
2-1: Foul Ball, location: 2F
2-2: Foul Ball, location: 2F
2-2: Foul Ball, location: 2F
2-2: Ball
3-2: Fly out, F8 (Flyball, 8LS)
Batting: LHB Weston Chaney 0-0: Ball
Mel Jones is caught stealing 2nd base
1-0: Ball
2-0: Ground out 6-3 (Groundball, 56D)
Top of the 2nd over - 0 run(s), 0 hit(s), 0 error(s), 0 left on base; Memphis 0 - Gainesville 3
BOTTOM OF THE 2ND
Gainesville Guidos batting - Pitching for Memphis Blues : RHP Mark Bidwell
Batting: RHB Adrián López 0-0: Foul Ball, location: 2F
0-1: Ball
1-1: Fly out, F9 (Flyball, 9LS)
Batting: LHB Pedro Juárez 0-0: Ball
1-0: Called Strike
1-1: Swinging Strike
1-2: Ball
2-2: Strikes out swinging
Batting: SHB António Ramírez 0-0: Ball
1-0: Ball
2-0: Ball
3-0: Called Strike
3-1: Base on Balls
Batting: SHB Cornell Payne 0-0: Ball
1-0: Ball
2-0: Swinging Strike
2-1: Called Strike
2-2: Ball
3-2: Foul Ball, location: 2F
3-2: Base on Balls
António Ramírez to second
Batting: RHB Doug Coleman 0-0: Ball
1-0: Foul Ball, location: 2F
1-1: Ball
2-1: SINGLE (Groundball, 56D)
António Ramírez to third
Cornell Payne to second
Batting: RHB Kyle O'Day 0-0: SINGLE (Groundball, 4MD)
António Ramírez scores
Cornell Payne to third
Doug Coleman to second
Runner from 3rd tries for Home, SAFE, no throw
Batting: RHB Augusto Baca 0-0: Called Strike
0-1: Foul Ball, location: 2F
0-2: Ball
1-2: Foul Ball, location: 2F
1-2: Ball
2-2: Ball
3-2: Foul Ball, location: 2F
3-2: Strikes out swinging
Bottom of the 2nd over - 2 run(s), 2 hit(s), 0 error(s), 2 left on base; Memphis 0 - Gainesville 5
TOP OF THE 3RD
Memphis Blues batting - Pitching for Gainesville Guidos : RHP Steve Sousa
Batting: RHB Emílio Bruno 0-0: Foul Ball, location: 2F
0-1: Called Strike
0-2: TRIPLE (Flyball, 8RS)
Batting: RHB Roberto Gómez 0-0: Ball
1-0: Ball
2-0: Called Strike
2-1: Ball
3-1: Called Strike
3-2: Base on Balls
Batting: RHB Ángel Hernández 0-0: Ball
1-0: Called Strike
1-1: Ball
2-1: Swinging Strike
2-2: Strikes out swinging
Batting: RHB Markus Cummins 0-0: Ball
1-0: Ball
2-0: Foul Ball, location: 2F
2-1: Ball
3-1: SINGLE (Line Drive, 6MD)
Emílio Bruno scores
Roberto Gómez to second
Batting: RHB Lorenzo Mota 0-0: Fielders Choice at 2nd, 4-6 (Groundball, 4M)
Roberto Gómez to third
Batting: RHB Peter Bishop 0-0: Ball
1-0: Ball
2-0: Ball
3-0: Called Strike
3-1: Called Strike
3-2: Base on Balls
Lorenzo Mota to second
Batting: LHB Mel Jones 0-0: Ball
1-0: Called Strike
1-1: Ground out U3 (Groundball, 34)
Top of the 3rd over - 1 run(s), 2 hit(s), 0 error(s), 3 left on base; Memphis 1 - Gainesville 5
BOTTOM OF THE 3RD
Gainesville Guidos batting - Pitching for Memphis Blues : RHP Mark Bidwell
Batting: RHB Denver Baker 0-0: Ball
1-0: Swinging Strike
1-1: Swinging Strike
1-2: Ball
2-2: Strikes out looking
Batting: LHB Mark Owens 0-0: Called Strike
0-1: Foul Ball, location: 2F
0-2: Strikes out swinging
Batting: RHB Adrián López 0-0: Ball
1-0: SINGLE (Line Drive, 78S)
Batting: LHB Pedro Juárez 0-0: Swinging Strike
0-1: Ball
1-1: Swinging Strike
1-2: Ball
2-2: Ball
3-2: Base on Balls
Adrián López to second
Batting: SHB António Ramírez 0-0: Called Strike
0-1: Ball
1-1: Fly out, F8 (Flyball, 8RM)
Bottom of the 3rd over - 0 run(s), 1 hit(s), 0 error(s), 2 left on base; Memphis 1 - Gainesville 5
TOP OF THE 4TH
Memphis Blues batting - Pitching for Gainesville Guidos : RHP Steve Sousa
Batting: RHB Jaime Spiridon 0-0: Ball
1-0: Ball
2-0: Called Strike
2-1: Ball
3-1: Base on Balls
Batting: LHB Weston Chaney 0-0: Called Strike
0-1: DOUBLE (Line Drive, 7LM)
Jaime Spiridon to third
Batting: RHB Emílio Bruno 0-0: Foul Ball, location: 2F
0-1: Fly out, F8 (Flyball, 8RS)
Batting: RHB Roberto Gómez 0-0: Fly out, F9 (Flyball, 9LS)
Batting: RHB Ángel Hernández 0-0: Ball
1-0: Ball
2-0: Swinging Strike
2-1: Ball
3-1: Called Strike
3-2: Fly out, F9 (Flyball, 9LS)
Top of the 4th over - 0 run(s), 1 hit(s), 0 error(s), 2 left on base; Memphis 1 - Gainesville 5
BOTTOM OF THE 4TH
Gainesville Guidos batting - Pitching for Memphis Blues : RHP Mark Bidwell
Batting: SHB Cornell Payne 0-0: Ball
1-0: Ball
2-0: Called Strike
2-1: Ball
3-1: Fly out, F7 (Flyball, 7D)
Batting: RHB Doug Coleman 0-0: Ball
1-0: Foul Ball, location: 2F
1-1: Ball
2-1: Foul Ball, location: 2F
2-2: Ball
3-2: Base on Balls
Batting: RHB Kyle O'Day 0-0: Ball
1-0: Called Strike
1-1: Swinging Strike
1-2: Ball
Wild Pitch!
Doug Coleman to second
2-2: Foul Ball, location: 2F
2-2: Ball
3-2: Strikes out swinging
Batting: RHB Augusto Baca 0-0: Called Strike
0-1: Swinging Strike
0-2: Ball
1-2: Strikes out swinging
Bottom of the 4th over - 0 run(s), 0 hit(s), 0 error(s), 1 left on base; Memphis 1 - Gainesville 5
TOP OF THE 5TH
Memphis Blues batting - Pitching for Gainesville Guidos : RHP Steve Sousa
Batting: RHB Markus Cummins 0-0: Foul Ball, location: 2F
0-1: Ball
1-1: SINGLE (Flyball, 4D)
Batting: RHB Lorenzo Mota 0-0: Ball
1-0: Called Strike
1-1: Swinging Strike
1-2: Ball
2-2: Strikes out swinging
Batting: RHB Peter Bishop 0-0: Foul Ball, location: 2F
0-1: Foul Ball, location: 2F
0-2: Ball
1-2: Strikes out looking
Batting: LHB Mel Jones 0-0: Ball
1-0: Ball
2-0: Called Strike
2-1: Ball
3-1: Foul Ball, location: 2F
3-2: Ground out 6-3 (Groundball, 6)
Top of the 5th over - 0 run(s), 1 hit(s), 0 error(s), 1 left on base; Memphis 1 - Gainesville 5
BOTTOM OF THE 5TH
Gainesville Guidos batting - Pitching for Memphis Blues : RHP Mark Bidwell
Pitching: RHP Carlos Martínez
Batting: RHB Denver Baker 0-0: Called Strike
0-1: Ball
1-1: Called Strike
1-2: Ground out 6-3 (Groundball, 6)
Batting: LHB Mark Owens 0-0: Ball
1-0: Ball
2-0: SINGLE (Groundball, 25) (infield hit)
Batting: RHB Adrián López 0-0: Ball
1-0: Ball
2-0: Foul Ball, location: 2F
2-1: Swinging Strike
2-2: DOUBLE (Flyball, 7LD)
Mark Owens to third
Batting: LHB Pedro Juárez 0-0: Called Strike
0-1: Hit by Pitch
Batting: SHB António Ramírez 0-0: Ball
1-0: Fly out, F9 (Flyball, 9)
Batting: SHB Cornell Payne 0-0: Ball
1-0: Ball
2-0: Ball
3-0: Base on Balls
Mark Owens scores
Adrián López to third
Pedro Juárez to second
Batting: RHB Doug Coleman 0-0: Ball
1-0: Called Strike
1-1: Fly out, F8 (Flyball, 78M)
Bottom of the 5th over - 1 run(s), 2 hit(s), 0 error(s), 3 left on base; Memphis 1 - Gainesville 6
TOP OF THE 6TH
Memphis Blues batting - Pitching for Gainesville Guidos : RHP Steve Sousa
Batting: RHB Jaime Spiridon 0-0: Called Strike
0-1: Called Strike
0-2: Strikes out looking
Batting: LHB Weston Chaney 0-0: Ball
1-0: Called Strike
1-1: Foul Ball, location: 2F
1-2: Foul Ball, location: 2F
1-2: Ball
2-2: SINGLE (Groundball, 4MD)
Pitching: RHP Salvador De Jesús
Batting: RHB Emílio Bruno 0-0: Ball
1-0: Swinging Strike
1-1: Foul Ball, location: 2F
1-2: Strikes out swinging
Batting: RHB Roberto Gómez 0-0: Called Strike
0-1: Ball
1-1: Foul Ball, location: 2F
1-2: Foul Ball, location: 2F
1-2: Foul Ball, location: 2F
1-2: Ball
2-2: Foul Ball, location: 2F
2-2: Ball
3-2: SINGLE (Line Drive, 89S)
Weston Chaney to second
Weston Chaney to third
Batting: RHB Ángel Hernández 0-0: Swinging Strike
Pickoff Throw to First - Out!
Top of the 6th over - 0 run(s), 2 hit(s), 0 error(s), 0 left on base; Memphis 1 - Gainesville 6
BOTTOM OF THE 6TH
Gainesville Guidos batting - Pitching for Memphis Blues : RHP Carlos Martínez
Batting: RHB Kyle O'Day 0-0: SINGLE (Line Drive, 8LS)
Batting: RHB Augusto Baca 0-0: Ball
1-0: Foul Ball, location: 2F
1-1: Called Strike
1-2: Strikes out swinging
Batting: RHB Denver Baker 0-0: Ball
1-0: Foul Ball, location: 2F
1-1: SINGLE (Line Drive, 7S)
Kyle O'Day to second
Batting: LHB Mark Owens 0-0: Ball
1-0: SINGLE (Line Drive, 7S)
Kyle O'Day to third
Denver Baker to second
Batting: RHB Adrián López 0-0: GRAND SLAM HOME RUN (Line Drive, 7D), Distance : 383 ft
Pitching: RHP Pedro Orozco
Batting: LHB Pedro Juárez 0-0: Foul Ball, location: 2F
0-1: Ball
1-1: Foul Ball, location: 2F
1-2: Fly out, F8 (Flyball, 8RXD)
Batting: SHB António Ramírez 0-0: Ball
1-0: SINGLE (Groundball, 34D)
Batting: SHB Cornell Payne 0-0: Called Strike
0-1: Ball
1-1: Ball
2-1: Ground out 3-1 (Groundball, 34)
Bottom of the 6th over - 4 run(s), 5 hit(s), 0 error(s), 1 left on base; Memphis 1 - Gainesville 10
TOP OF THE 7TH
Memphis Blues batting - Pitching for Gainesville Guidos : RHP Salvador De Jesús
Batting: RHB Ángel Hernández 0-0: Ball
1-0: Ball
2-0: Ground out 3-1 (Groundball, 2R)
Batting: RHB Markus Cummins 0-0: Called Strike
0-1: Ball
1-1: Foul Ball, location: 2F
1-2: Foul Ball, location: 2F
1-2: Ball
2-2: Ball
3-2: Base on Balls
Batting: RHB Lorenzo Mota 0-0: Ball
1-0: Called Strike
1-1: Ball
2-1: Swinging Strike
2-2: Ball
3-2: Fly out, F5 (Popup, 5S)
Batting: RHB Peter Bishop 0-0: Ball
1-0: Called Strike
1-1: Ball
2-1: SINGLE (Groundball, 56) (infield hit)
Markus Cummins to second
Batting: LHB Mel Jones 0-0: SINGLE (Groundball, 4MD)
Markus Cummins to third
Peter Bishop to second
Runner from 3rd tries for Home, SAFE, no throw
Batting: RHB Jaime Spiridon 0-0: Ball
1-0: Ball
2-0: Foul Ball, location: 2F
2-1: Fielders Choice at 2nd, 5-4 (Groundball, 56)
Top of the 7th over - 1 run(s), 2 hit(s), 0 error(s), 1 left on base; Memphis 2 - Gainesville 10
BOTTOM OF THE 7TH
Gainesville Guidos batting - Pitching for Memphis Blues : RHP Pedro Orozco
Batting: RHB Doug Coleman 0-0: Foul Ball, location: 2F
0-1: Called Strike
0-2: Ball
1-2: Strikes out swinging
Batting: RHB Kyle O'Day 0-0: Ball
1-0: Foul Ball, location: 2F
1-1: Swinging Strike
1-2: Ball
2-2: Strikes out swinging
Batting: RHB Augusto Baca 0-0: Ball
1-0: Ground out 5-3 (Groundball, 56)
Bottom of the 7th over - 0 run(s), 0 hit(s), 0 error(s), 0 left on base; Memphis 2 - Gainesville 10
TOP OF THE 8TH
Memphis Blues batting - Pitching for Gainesville Guidos : RHP Salvador De Jesús
Now in LF: Robbie Turner
Batting: LHB Weston Chaney 0-0: Ball
1-0: Ground out 4-3 (Groundball, 4)
Batting: RHB Emílio Bruno 0-0: Called Strike
0-1: Ball
1-1: Swinging Strike
1-2: DOUBLE (Line Drive, 7LM)
Pinch Hitting: LHB John Foster 0-0: SINGLE (Line Drive, 9S)
Emílio Bruno to third
Batting: RHB Ángel Hernández 0-0: Ball
1-0: Ball
2-0: Foul Ball, location: 2F
2-1: Ball
3-1: Called Strike
3-2: Foul Ball, location: 2F
3-2: Foul Ball, location: 2F
3-2: Base on Balls
John Foster to second
Pitching: RHP Marlon Ryan
Batting: RHB Markus Cummins 0-0: Ball
1-0: Ball
2-0: Ball
3-0: Called Strike
3-1: Foul Ball, location: 2F
3-2: Fly out, F7 (Flyball, 7)
Runner from 3rd tags up, SCORES, no throw
Batting: RHB Lorenzo Mota 0-0: Called Strike
0-1: Fielders Choice at 2nd, 6-4 (Groundball, 6D)
Top of the 8th over - 1 run(s), 2 hit(s), 0 error(s), 1 left on base; Memphis 3 - Gainesville 10
BOTTOM OF THE 8TH
Gainesville Guidos batting - Pitching for Memphis Blues : RHP Pedro Orozco
Now in RF: John Foster
Batting: RHB Denver Baker 0-0: Called Strike
0-1: Swinging Strike
0-2: Ball
1-2: Ball
2-2: Ground out 6-3 (Groundball, 6)
Batting: LHB Mark Owens 0-0: Ball
1-0: Called Strike
1-1: Ball
2-1: Ball
3-1: Swinging Strike
3-2: Strikes out swinging
Batting: RHB Adrián López 0-0: Ground out 6-3 (Groundball, 6)
Bottom of the 8th over - 0 run(s), 0 hit(s), 0 error(s), 0 left on base; Memphis 3 - Gainesville 10
TOP OF THE 9TH
Memphis Blues batting - Pitching for Gainesville Guidos : RHP Marlon Ryan
Now at C: Scott Young
Batting: RHB Peter Bishop 0-0: Ball
1-0: Ball
2-0: Swinging Strike
2-1: Swinging Strike
2-2: Strikes out swinging
Batting: LHB Mel Jones 0-0: Ground out 4-3 (Groundball, 4S)
Batting: RHB Jaime Spiridon 0-0: Foul Ball, location: 2F
0-1: Foul Ball, location: 2F
0-2: Fly out, F9 (Flyball, 9S)
Top of the 9th over - 0 run(s), 0 hit(s), 0 error(s), 0 left on base; Memphis 3 - Gainesville 10
Tuesday, August 8th, 2017 - OOTP Baseball 17.12 Build 75